Lightning vs Red Wings
(R1)
Created - December 17, 2018 at 21:05
Goals
|
| Lightning |
1 |
1 |
0 |
2 |
| Red Wings |
2 |
2 |
3 |
7 |
|
Shots
|
| Lightning |
10 |
9 |
14 |
33 |
| Red Wings |
19 |
7 |
8 |
34 |
|
1st period
1. Red Wings , Ole-Kristian Tollefsen 2 (Alex Picard 7, Tyler Seguin 6) at 6:19
2. Lightning , Robert Nilsson 13 (Jeff Schultz 10, Jaroslav Halak) at 15:12
3. Red Wings , Sean Bergenheim 7 (Tyler Toffoli 8, Brent Seabrook 12) at 15:28
Penalties :
John Carlson (TB.) for Hooking (Minor) at 8:21, Danny Richmond (TB.) for High sticking (Minor) at 11:25
2nd period
4. Red Wings , Tyler Seguin 4 (Adam Henrique 15, Philip Samuelsson 16) at 2:14
5. Red Wings , Sean Bergenheim 8 (Phil Kessel 16, Mike Richards 14) at 4:44 (PP)
6. Lightning , Sheldon Keefe 4 (Pierre-Luc Létourneau 3, Reilly Smith 4) at 6:42
Penalties :
Daniel Carcillo (TB.) for Kneeing (Minor) at 4:26, Steve Bernier (TB.) for Hooking (Minor) at 7:27, Philip Samuelsson (Det) for Hooking (Minor) at 9:52, Henrik Zetterberg (TB.) for Slashing (Minor) at 11:28, Nate Thompson (Det) for Holding (Minor) at 14:26, Tyler Seguin (Det) for Roughing (Minor) at 18:50
3rd period
7. Red Wings , Phil Kessel 16 (Adam Henrique 16, Lubomir Visnovsky 4) at 3:27
8. Red Wings , Mike Richards 15 (Brent Seabrook 13, Jiri Fischer 10) at 8:15
9. Red Wings , Carson Mcmillan 2 (Chris Kelly 7, Ole-Kristian Tollefsen 13) at 16:46
Penalties :
Jordan Nolan (TB.) for Tripping (Minor) at 11:02, Daniel Carcillo (TB.) for Hooking (Minor) at 17:52
Goalie Stats
Adam Munro (TB.), 4 saves from 5 shots - (0.800), 11:45 minutes
Jaroslav Halak (TB.), 23 saves from 29 shots - (0.793), L, 12-9-1, 48:15 minutes
James Reimer (Det), 31 saves from 33 shots - (0.939), W, 9-3-3, 60:00 minutes
Players Stats for Lightning
Player Name G A P +/- PIM S H SB GA TA FO MP PP MP PK MP
------------------------------------------------------------------------------------
Andy Rogers 0 0 0 -1 0 1 0 3 0 0 0/0 18:21 1:38 6:49
Daniel Carcillo 0 0 0 1 4 2 2 1 0 0 1/1 9:11 0:00 1:06
Danny Richmond 0 0 0 -3 2 2 1 3 0 1 0/0 18:47 0:00 4:16
Gabriel Landeskog 0 0 0 -3 0 1 1 0 0 1 2/4 21:38 2:10 6:46
Henrik Zetterberg 0 0 0 0 2 5 2 0 1 0 1/1 16:12 3:23 0:33
Jan Bulis 0 0 0 1 0 2 2 0 0 1 3/6 12:28 0:00 4:22
Jeff Schultz 0 1 1 0 0 0 1 4 0 1 0/0 27:19 1:38 6:36
John Carlson 0 0 0 0 2 2 1 0 0 1 0/0 26:35 3:56 4:21
Jordan Nolan 0 0 0 0 2 0 2 0 0 0 6/9 14:43 2:10 0:41
Justin Schultz 0 0 0 -3 0 0 1 0 0 0 0/0 17:37 3:56 0:00
Kris Versteeg 0 0 0 -3 0 4 2 0 1 0 1/1 16:12 3:24 0:00
Kurt Sauer 0 0 0 -1 0 2 1 2 0 0 0/0 11:21 0:00 1:36
Mikael Backlund 0 0 0 -2 0 3 0 0 1 0 2/3 9:32 0:00 0:12
Pierre-Luc Létourneau 0 1 1 -2 0 0 0 0 0 0 0/0 9:20 0:00 0:00
Reilly Smith 0 1 1 0 0 0 2 0 0 0 1/1 13:57 2:10 0:00
Robert Nilsson 1 0 1 -3 0 7 2 1 0 0 15/37 23:16 3:24 6:34
Sheldon Keefe 1 0 1 -2 0 2 0 0 1 0 0/0 12:46 0:00 3:24
Steve Bernier 0 0 0 1 2 0 2 0 0 0 0/1 8:26 0:00 0:00
Players Stats for Red Wings
Player Name G A P +/- PIM S H SB GA TA FO MP PP MP PK MP
------------------------------------------------------------------------------------
Adam Henrique 0 2 2 2 0 1 0 0 0 0 0/1 17:29 5:35 0:00
Ales Hemsky 0 0 0 -1 0 1 1 0 0 0 0/0 6:57 0:00 0:00
Alex Picard 0 1 1 1 0 1 0 0 0 0 0/0 12:32 0:00 0:04
Brent Seabrook 0 2 2 2 0 3 2 1 0 1 0/0 22:33 6:49 0:35
Carson Mcmillan 1 0 1 1 0 1 0 1 0 0 0/1 14:34 0:00 2:32
Chris Kelly 0 1 1 1 0 2 1 0 0 0 0/7 14:34 0:00 2:32
Jiri Fischer 0 1 1 2 0 2 0 3 0 0 0/0 17:23 0:17 3:01
Lubomir Visnovsky 0 1 1 1 0 0 2 1 0 0 0/0 14:10 0:00 2:33
Michael Haley 0 0 0 -1 0 0 0 1 0 0 2/5 10:20 0:00 2:58
Mike Richards 1 1 2 2 0 3 1 0 1 0 16/28 17:33 6:17 0:00
Nate Thompson 0 0 0 -1 2 1 2 0 0 1 1/3 7:22 0:00 0:00
Ole-Kristian Tollefsen 1 1 2 1 0 3 2 1 2 0 0/0 23:38 4:46 3:01
Phil Kessel 1 1 2 2 0 4 1 0 1 1 1/1 17:44 6:14 0:00
Philip Samuelsson 0 1 1 1 2 2 1 2 0 1 0/0 25:44 6:49 1:58
Ryan Whitney 0 0 0 1 0 1 0 2 0 0 0/0 16:34 5:00 0:00
Sean Bergenheim 2 0 2 2 0 5 3 1 1 0 0/2 20:30 6:14 2:58
Tyler Seguin 1 1 2 2 2 2 1 0 0 0 11/15 17:57 5:32 0:04
Tyler Toffoli 0 1 1 2 0 2 0 1 0 0 1/1 16:26 5:32 0:00
3 Stars
1 - Sean Bergenheim (Det)
2 - Phil Kessel (Det)
3 - Mike Richards (Det)
Power Play
Lightning - 0 on 3 Attempt(s) - 0.00%
Red Wings - 1 on 7 Attempt(s) - 14.29%
Penalty Kill
Lightning - 6 on 7 Attempt(s) - 85.71%
- Score 0 goal in Penalty Kill
Red Wings - 3 on 3 Attempt(s) - 100.00%
- Score 0 goal in Penalty Kill
Team Stat
Lightning - Hits : 22 - Faceoff Wins : 32 - Blocked Shots : 14 - Penalty Minutes : 14
Red Wings - Hits : 17 - Faceoff Wins : 32 - Blocked Shots : 14 - Penalty Minutes : 6
Official
Referees : Unknown
Linesman : Unknown
Game Notes
Adam Munro enters game at 8:15 of 3rd period
Finance
Level 1 -- Attendance: 5380 (89.67%) -- Ticket Income $468,060
Level 2 -- Attendance: 4578 (91.56%) -- Ticket Income $256,368
Level 3 -- Attendance: 1458 (72.90%) -- Ticket Income $55,404
Level 4 -- Attendance: 3388 (84.70%) -- Ticket Income $94,864
Luxury Box -- Attendance: 987 (98.70%) -- Ticket Income $162,855
Game was played at the Joe Louis Arena.
Total Attendance: 15791 (87.73%)
Total Ticket Income: $1,037,551
Other Income: $155,633
Total Income: $1,193,184
Lightning
5 vs 5 Forward
Center Left Wing Right Wing Time % Phy DF OF
1 Robert Nilsson Gabriel Landeskog Kris Versteeg 40 1 2 2
2 Jordan Nolan Henrik Zetterberg Reilly Smith 30 1 2 2
3 Jan Bulis Daniel Carcillo Steve Bernier 20 1 2 2
4 Mikael Backlund Pierre-Luc Létourneau Sheldon Keefe 10 1 2 2
5 vs 5 Defense
Defense Defense Time % Phy DF OF
1 Jeff Schultz John Carlson 40 1 2 2
2 Justin Schultz Danny Richmond 30 1 2 2
3 Andy Rogers Kurt Sauer 20 1 2 2
4 Jeff Schultz John Carlson 10 1 2 2
PowerPlay Forward
Center Left Wing Right Wing Time % Phy DF OF
1 Robert Nilsson Henrik Zetterberg Kris Versteeg 60 1 2 2
2 Jordan Nolan Gabriel Landeskog Reilly Smith 40 1 2 2
PowerPlay Defense
Defense Defense Time % Phy DF OF
1 Justin Schultz John Carlson 60 1 2 2
2 Andy Rogers Jeff Schultz 40 1 2 2
Penalty Kill 4 Players Forward
Center Wing Time % Phy DF OF
1 Robert Nilsson Gabriel Landeskog 60 1 2 2
2 Jan Bulis Sheldon Keefe 40 1 2 2
Penalty Kill 4 Players Defense
Defense Defense Time % Phy DF OF
1 Jeff Schultz Andy Rogers 60 1 2 2
2 John Carlson Danny Richmond 40 1 2 2
Penalty Kill - 3 Players Forward
Forward Time % Phy DF OF
1 Robert Nilsson 60 1 2 2
2 Gabriel Landeskog 40 1 2 2
Penalty Kill - 3 Players Defense
Defense Defense Time % Phy DF OF
1 Jeff Schultz Andy Rogers 60 1 2 2
2 Andy Rogers John Carlson 40 1 2 2
4 vs 4 Forward
Center Wing Time % Phy DF OF
1 Robert Nilsson Henrik Zetterberg 60 1 2 2
2 Jordan Nolan Reilly Smith 40 1 2 2
4 vs 4 Defense
Defense Defense Time % Phy DF OF
1 Jeff Schultz Andy Rogers 60 1 2 2
2 John Carlson Danny Richmond 40 1 2 2
Last Minutes Offensive
Center Left Wing Right Wing Defense Defense
Robert Nilsson Henrik Zetterberg Kris Versteeg Justin Schultz John Carlson
Last Minutes Defensive
Center Left Wing Right Wing Defense Defense
Robert Nilsson Gabriel Landeskog Sheldon Keefe Jeff Schultz Andy Rogers
Goaltenders
Starting : Jaroslav Halak
Backup : Adam Munro
Extra Forwards
Normal : Steve Bernier, Gabriel Landeskog, Jan Bulis - PP : Steve Bernier, Gabriel Landeskog - PK : Jan Bulis
Extra Defensemen
Normal : Justin Schultz, Kurt Sauer, Andy Rogers - PP : Justin Schultz - PK : Kurt Sauer, Andy Rogers
Penalty Shots
Robert Nilsson, Kris Versteeg, Henrik Zetterberg, Jordan Nolan, Daniel Carcillo
Scratches
None
Red Wings
5 vs 5 Forward
Center Left Wing Right Wing Time % Phy DF OF
1 Mike Richards Sean Bergenheim Tyler Toffoli 36 0 2 3
2 Tyler Seguin Adam Henrique Phil Kessel 36 0 2 3
3 Chris Kelly Alex Picard Carson Mcmillan 20 0 3 2
4 Nate Thompson Michael Haley Ales Hemsky 8 1 2 2
5 vs 5 Defense
Defense Defense Time % Phy DF OF
1 Brent Seabrook Jiri Fischer 35 0 3 2
2 Ole-Kristian Tollefsen Philip Samuelsson 35 0 3 2
3 Lubomir Visnovsky Ryan Whitney 20 0 3 2
4 Lubomir Visnovsky Ryan Whitney 10 0 3 2
PowerPlay Forward
Center Left Wing Right Wing Time % Phy DF OF
1 Mike Richards Sean Bergenheim Phil Kessel 55 0 1 4
2 Tyler Seguin Adam Henrique Tyler Toffoli 45 0 1 4
PowerPlay Defense
Defense Defense Time % Phy DF OF
1 Philip Samuelsson Brent Seabrook 60 0 2 3
2 Ole-Kristian Tollefsen Ryan Whitney 40 0 2 3
Penalty Kill 4 Players Forward
Center Wing Time % Phy DF OF
1 Michael Haley Sean Bergenheim 50 1 2 2
2 Chris Kelly Carson Mcmillan 50 1 2 2
Penalty Kill 4 Players Defense
Defense Defense Time % Phy DF OF
1 Lubomir Visnovsky Philip Samuelsson 50 1 2 2
2 Jiri Fischer Ole-Kristian Tollefsen 50 1 2 2
Penalty Kill - 3 Players Forward
Forward Time % Phy DF OF
1 Carson Mcmillan 60 1 2 2
2 Michael Haley 40 1 2 2
Penalty Kill - 3 Players Defense
Defense Defense Time % Phy DF OF
1 Lubomir Visnovsky Philip Samuelsson 50 1 2 2
2 Jiri Fischer Ole-Kristian Tollefsen 50 1 2 2
4 vs 4 Forward
Center Wing Time % Phy DF OF
1 Mike Richards Adam Henrique 60 1 2 2
2 Tyler Seguin Phil Kessel 40 1 2 2
4 vs 4 Defense
Defense Defense Time % Phy DF OF
1 Brent Seabrook Jiri Fischer 60 1 2 2
2 Ole-Kristian Tollefsen Philip Samuelsson 40 1 2 2
Last Minutes Offensive
Center Left Wing Right Wing Defense Defense
Mike Richards Adam Henrique Phil Kessel Brent Seabrook Philip Samuelsson
Last Minutes Defensive
Center Left Wing Right Wing Defense Defense
Chris Kelly Sean Bergenheim Carson Mcmillan Jiri Fischer Lubomir Visnovsky
Goaltenders
Starting : James Reimer
Backup : John Gibson
Extra Forwards
Normal : Adam Henrique, Tyler Seguin, Chris Kelly - PP : Chris Kelly, Ales Hemsky - PK : Chris Kelly
Extra Defensemen
Normal : Brent Seabrook, Philip Samuelsson, Lubomir Visnovsky - PP : Jiri Fischer - PK : Brent Seabrook, Ole-Kristian Tollefsen
Penalty Shots
Phil Kessel, Mike Richards, Tyler Seguin, Carson Mcmillan, Alex Picard
Scratches
Brendan Bell (Healthy), Oleg Saprykin (Healthy)
% Time on Ice - Lightning
Lines # - Real PCT - Wanted PCT - Time Play
Normal Forward
1 - 31% - 40% - 13:01
2 - 28% - 30% - 11:49
3 - 19% - 20% - 8:04
4 - 22% - 10% - 9:20
Normal Defense
1 - 43% - 40% - 18:13
2 - 33% - 30% - 13:52
3 - 20% - 20% - 8:19
4 - 4% - 10% - 1:50
PP Forward
1 - 61% - 60% - 3:24
2 - 39% - 40% - 2:10
PP Defense
1 - 71% - 60% - 3:56
2 - 29% - 40% - 1:38
PK Forward
1 - 71% - 60% - 8:25
2 - 29% - 40% - 3:24
PK Defense
1 - 56% - 60% - 6:36
2 - 44% - 40% - 5:13
PK3 Forward
1 - 0% - 60%
2 - 0% - 40%
PK3 Defense
1 - 0% - 60%
2 - 0% - 40%
44 Forward
1 - 100% - 60% - 0:23
2 - 0% - 40% - 0:00
44 Defense
1 - 100% - 60% - 0:23
2 - 0% - 40% - 0:00
Last Minute Offensive - 0:00
Last Minute Defensive - 0:00
Total
Forward - 60:00
Defense - 60:00
|
% Time on Ice - Red Wings
Lines # - Real PCT - Wanted PCT - Time Play
Normal Forward
1 - 27% - 36% - 11:18
2 - 28% - 36% - 11:57
3 - 28% - 20% - 12:02
4 - 16% - 8% - 6:57
Normal Defense
1 - 38% - 35% - 15:52
2 - 36% - 35% - 15:24
3 - 20% - 20% - 8:21
4 - 6% - 10% - 2:37
PP Forward
1 - 53% - 55% - 6:17
2 - 47% - 45% - 5:32
PP Defense
1 - 58% - 60% - 6:49
2 - 42% - 40% - 5:00
PK Forward
1 - 53% - 50% - 2:58
2 - 47% - 50% - 2:36
PK Defense
1 - 46% - 50% - 2:33
2 - 54% - 50% - 3:01
PK3 Forward
1 - 0% - 60%
2 - 0% - 40%
PK3 Defense
1 - 0% - 50%
2 - 0% - 50%
44 Forward
1 - 100% - 60% - 0:23
2 - 0% - 40% - 0:00
44 Defense
1 - 100% - 60% - 0:23
2 - 0% - 40% - 0:00
Last Minute Offensive - 0:00
Last Minute Defensive - 0:00
Total
Forward - 60:00
Defense - 60:00
|
Play by Play
1st period
0:01 of 1st period - Tyler Toffoli wins face-off versus Robert Nilsson in neutral zone.
0:04 of 1st period - Slapshot by Sean Bergenheim.
0:04 of 1st period - Shot Misses the Net.
0:09 of 1st period - Jeff Schultz is hit by Brent Seabrook and loses puck.
0:40 of 1st period - Slapshot by Phil Kessel.
0:40 of 1st period - Stopped by Jaroslav Halak without a rebound.
0:41 of 1st period - Jan Bulis wins face-off versus Chris Kelly in Lightning zone.
0:45 of 1st period - Off-side.
0:46 of 1st period - Daniel Carcillo wins face-off versus Chris Kelly in neutral zone.
1:37 of 1st period - Snap shot by Robert Nilsson.
1:37 of 1st period - Shot Blocked by Tyler Toffoli.
1:39 of 1st period - Wrist shot by Kris Versteeg.
1:39 of 1st period - Deflect By Sean Bergenheim.
1:39 of 1st period - Stopped by James Reimer with a rebound.
1:45 of 1st period - Snap shot by Robert Nilsson.
1:45 of 1st period - Shot Misses the Net.
1:57 of 1st period - Slapshot by Henrik Zetterberg.
1:57 of 1st period - Stopped by James Reimer without a rebound.
1:58 of 1st period - Jordan Nolan wins face-off versus Nate Thompson in Red Wings zone.
2:03 of 1st period - Snap shot by Reilly Smith.
2:03 of 1st period - Shot Misses the Net.
2:13 of 1st period - Slapshot by Henrik Zetterberg.
2:13 of 1st period - Shot Misses the Net.
2:15 of 1st period - Snap shot by Jordan Nolan.
2:15 of 1st period - Shot Blocked by Jiri Fischer.
2:23 of 1st period - Henrik Zetterberg is hit by Nate Thompson and loses puck.
2:46 of 1st period - Icing by Jeff Schultz.
2:47 of 1st period - Jordan Nolan wins face-off versus Tyler Seguin in Lightning zone.
2:54 of 1st period - Snap shot by Henrik Zetterberg.
2:54 of 1st period - Stopped by James Reimer with a rebound.
3:14 of 1st period - Jeff Schultz is hit by Lubomir Visnovsky and loses puck.
4:03 of 1st period - Snap shot by Henrik Zetterberg.
4:03 of 1st period - Stopped by James Reimer without a rebound.
4:04 of 1st period - Mike Richards wins face-off versus Robert Nilsson in Red Wings zone.
4:31 of 1st period - Adam Henrique is hit by Steve Bernier.
4:37 of 1st period - Snap shot by Phil Kessel.
4:37 of 1st period - Shot Misses the Net.
5:20 of 1st period - Snap shot by Brent Seabrook.
5:20 of 1st period - Deflect By Justin Schultz.
5:20 of 1st period - Stopped by Jaroslav Halak with a rebound.
5:30 of 1st period - Snap shot by Ales Hemsky.
5:30 of 1st period - Stopped by Jaroslav Halak without a rebound.
5:31 of 1st period - Mike Richards wins face-off versus Steve Bernier in Lightning zone.
5:58 of 1st period - Philip Samuelsson is hit by Jeff Schultz and loses puck.
6:15 of 1st period - Snap shot by Tyler Seguin.
6:15 of 1st period - Shot Blocked by Andy Rogers.
6:17 of 1st period - Wrist shot by Alex Picard.
6:17 of 1st period - Shot Blocked by Kurt Sauer.
6:19 of 1st period - Slapshot by Ole-Kristian Tollefsen.
6:19 of 1st period - Goal by Ole-Kristian Tollefsen - Lightning : 0 - Red Wings : 1.
6:20 of 1st period - Robert Nilsson wins face-off versus Mike Richards in neutral zone.
6:53 of 1st period - Snap shot by Adam Henrique.
6:53 of 1st period - Shot Blocked by Jeff Schultz.
7:15 of 1st period - Wrist shot by Chris Kelly.
7:15 of 1st period - Stopped by Jaroslav Halak with a rebound.
7:39 of 1st period - Wrist shot by Mike Richards.
7:39 of 1st period - Shot Misses the Net.
7:41 of 1st period - Slapshot by Jiri Fischer.
7:41 of 1st period - Deflect By Sean Bergenheim.
7:41 of 1st period - Stopped by Jaroslav Halak without a rebound.
7:42 of 1st period - Tyler Seguin wins face-off versus Robert Nilsson in Lightning zone.
7:53 of 1st period - Backhand shot by Phil Kessel.
7:53 of 1st period - Stopped by Jaroslav Halak with a rebound.
7:55 of 1st period - Snap shot by Phil Kessel.
7:55 of 1st period - Shot Misses the Net.
7:57 of 1st period - Slapshot by Phil Kessel.
7:57 of 1st period - Shot Misses the Net.
7:59 of 1st period - Wrist shot by Tyler Seguin.
7:59 of 1st period - Deflect By Adam Henrique.
7:59 of 1st period - Stopped by Jaroslav Halak without a rebound.
8:00 of 1st period - Mike Richards wins face-off versus Jan Bulis in Lightning zone.
8:21 of 1st period - Minor Penalty to John Carlson for Hooking.
8:22 of 1st period - Phil Kessel wins face-off versus Robert Nilsson in Lightning zone.
8:23 of 1st period - Snap shot by Brent Seabrook.
8:23 of 1st period - Shot Hit the Post.
8:25 of 1st period - Slapshot by Philip Samuelsson.
8:25 of 1st period - Shot Blocked by Robert Nilsson.
8:27 of 1st period - Wrist shot by Mike Richards.
8:27 of 1st period - Shot Misses the Net.
8:29 of 1st period - Slapshot by Philip Samuelsson.
8:29 of 1st period - Stopped by Jaroslav Halak without a rebound.
8:30 of 1st period - Gabriel Landeskog wins face-off versus Sean Bergenheim in Lightning zone.
9:10 of 1st period - Slapshot by Tyler Seguin.
9:10 of 1st period - Shot Blocked by Danny Richmond.
9:29 of 1st period - Icing by Ole-Kristian Tollefsen.
9:30 of 1st period - Mike Richards wins face-off versus Jan Bulis in Red Wings zone.
9:35 of 1st period - Snap shot by Daniel Carcillo.
9:35 of 1st period - Stopped by James Reimer with a rebound.
10:21 of 1st period - Penalty to John Carlson is over, John Carlson is back on ice.
11:25 of 1st period - Minor Penalty to Danny Richmond for High sticking.
11:26 of 1st period - Mike Richards wins face-off versus Robert Nilsson in Lightning zone.
11:31 of 1st period - Snap shot by Mike Richards.
11:31 of 1st period - Stopped by Jaroslav Halak with a rebound.
11:33 of 1st period - Wrist shot by Sean Bergenheim.
11:33 of 1st period - Stopped by Jaroslav Halak without a rebound.
11:34 of 1st period - Robert Nilsson wins face-off versus Mike Richards in Lightning zone.
13:18 of 1st period - Icing by Tyler Seguin.
13:19 of 1st period - Tyler Seguin wins face-off versus Robert Nilsson in Red Wings zone.
13:25 of 1st period - Penalty to Danny Richmond is over, Danny Richmond is back on ice.
14:01 of 1st period - Michael Haley is hit by Justin Schultz and loses puck.
14:10 of 1st period - Snap shot by Ryan Whitney.
14:10 of 1st period - Stopped by Jaroslav Halak with a rebound.
14:17 of 1st period - Icing by Danny Richmond.
14:18 of 1st period - Tyler Seguin wins face-off versus Jordan Nolan in Lightning zone.
14:29 of 1st period - Snap shot by Henrik Zetterberg.
14:29 of 1st period - Stopped by James Reimer with a rebound.
14:31 of 1st period - Slapshot by Danny Richmond.
14:31 of 1st period - Shot Misses the Net.
14:33 of 1st period - Snap shot by Henrik Zetterberg.
14:33 of 1st period - Shot Blocked by Philip Samuelsson.
14:53 of 1st period - Robert Nilsson is hit by Sean Bergenheim and loses puck.
15:12 of 1st period - Wrist shot by Robert Nilsson.
15:12 of 1st period - Goal by Robert Nilsson - Lightning : 1 - Red Wings : 1.
15:13 of 1st period - Mike Richards wins face-off versus Robert Nilsson in neutral zone.
15:16 of 1st period - Slapshot by Sean Bergenheim.
15:16 of 1st period - Stopped by Jaroslav Halak with a rebound.
15:18 of 1st period - Slapshot by Brent Seabrook.
15:18 of 1st period - Deflect By John Carlson.
15:18 of 1st period - Stopped by Jaroslav Halak without a rebound.
15:19 of 1st period - Mike Richards wins face-off versus Robert Nilsson in Lightning zone.
15:24 of 1st period - Slapshot by Sean Bergenheim.
15:24 of 1st period - Shot Blocked by Jeff Schultz.
15:26 of 1st period - Snap shot by Tyler Toffoli.
15:26 of 1st period - Stopped by Jaroslav Halak with a rebound.
15:28 of 1st period - Wrist shot by Sean Bergenheim.
15:28 of 1st period - Goal by Sean Bergenheim - Lightning : 1 - Red Wings : 2.
15:29 of 1st period - Robert Nilsson wins face-off versus Adam Henrique in neutral zone.
15:45 of 1st period - Icing by Adam Henrique.
15:46 of 1st period - Jordan Nolan wins face-off versus Tyler Seguin in Red Wings zone.
16:07 of 1st period - Wrist shot by Phil Kessel.
16:07 of 1st period - Stopped by Jaroslav Halak without a rebound.
16:08 of 1st period - Mike Richards wins face-off versus Gabriel Landeskog in Lightning zone.
16:35 of 1st period - Jiri Fischer is hit by Jan Bulis and loses puck.
16:42 of 1st period - Wrist shot by Daniel Carcillo.
16:42 of 1st period - Shot Misses the Net.
16:44 of 1st period - Snap shot by Jan Bulis.
16:44 of 1st period - Shot Misses the Net.
16:46 of 1st period - Slapshot by John Carlson.
16:46 of 1st period - Stopped by James Reimer without a rebound.
16:47 of 1st period - Kris Versteeg wins face-off versus Mike Richards in Red Wings zone.
16:58 of 1st period - Wrist shot by Robert Nilsson.
16:58 of 1st period - Stopped by James Reimer without a rebound.
16:59 of 1st period - Tyler Seguin wins face-off versus Robert Nilsson in Red Wings zone.
17:31 of 1st period - Backhand shot by Andy Rogers.
17:31 of 1st period - Stopped by James Reimer without a rebound.
17:32 of 1st period - Reilly Smith wins face-off versus Chris Kelly in Red Wings zone.
17:59 of 1st period - Brent Seabrook is hit by Henrik Zetterberg and loses puck.
18:06 of 1st period - Brent Seabrook is hit by Reilly Smith and loses puck.
18:13 of 1st period - Snap shot by Alex Picard.
18:13 of 1st period - Shot Misses the Net.
18:19 of 1st period - Snap shot by Chris Kelly.
18:19 of 1st period - Shot Blocked by Kurt Sauer.
18:21 of 1st period - Wrist shot by Chris Kelly.
18:21 of 1st period - Shot Misses the Net.
18:23 of 1st period - Slapshot by Brent Seabrook.
18:23 of 1st period - Shot Misses the Net.
18:25 of 1st period - Slapshot by Jiri Fischer.
18:25 of 1st period - Stopped by Jaroslav Halak with a rebound.
19:30 of 1st period - Wrist shot by Chris Kelly.
19:30 of 1st period - Shot Misses the Net.
19:32 of 1st period - Slapshot by Jiri Fischer.
19:32 of 1st period - Stopped by Jaroslav Halak without a rebound.
19:33 of 1st period - Robert Nilsson wins face-off versus Mike Richards in Lightning zone.
19:33 of 1st period - Robert Nilsson is hit by Sean Bergenheim.
Goals for this period are 1 for Lightning vs 2 for Red Wings.
Shots for this period are 10 for Lightning vs 19 for Red Wings.
2nd period
0:01 of 2nd period - Tyler Seguin wins face-off versus Robert Nilsson in neutral zone.
0:04 of 2nd period - Justin Schultz is hit by Lubomir Visnovsky and loses puck.
0:27 of 2nd period - Sean Bergenheim is hit by Steve Bernier.
0:49 of 2nd period - Slapshot by Ole-Kristian Tollefsen.
0:49 of 2nd period - Stopped by Jaroslav Halak without a rebound.
0:50 of 2nd period - Nate Thompson wins face-off versus Mikael Backlund in Lightning zone.
1:22 of 2nd period - Wrist shot by Mikael Backlund.
1:22 of 2nd period - Shot Blocked by Ryan Whitney.
1:58 of 2nd period - Slapshot by John Carlson.
1:58 of 2nd period - Deflect By Ryan Whitney.
1:58 of 2nd period - Stopped by James Reimer without a rebound.
1:59 of 2nd period - Tyler Seguin wins face-off versus Robert Nilsson in Red Wings zone.
2:08 of 2nd period - Snap shot by Adam Henrique.
2:08 of 2nd period - Shot Misses the Net.
2:14 of 2nd period - Snap shot by Adam Henrique.
2:14 of 2nd period - Deflect By Tyler Seguin.
2:14 of 2nd period - Goal by Tyler Seguin - Lightning : 1 - Red Wings : 3.
2:15 of 2nd period - Mike Richards wins face-off versus Robert Nilsson in neutral zone.
2:40 of 2nd period - Robert Nilsson is hit by Phil Kessel and loses puck.
4:02 of 2nd period - Brent Seabrook is hit by Danny Richmond and loses puck.
4:25 of 2nd period - Snap shot by Jan Bulis.
4:25 of 2nd period - Stopped by James Reimer without a rebound.
4:26 of 2nd period - Jan Bulis wins face-off versus Tyler Seguin in Red Wings zone.
4:26 of 2nd period - Minor Penalty to Daniel Carcillo for Kneeing.
4:27 of 2nd period - Robert Nilsson wins face-off versus Mike Richards in Lightning zone.
4:42 of 2nd period - Snap shot by Sean Bergenheim.
4:42 of 2nd period - Shot Blocked by Andy Rogers.
4:44 of 2nd period - Snap shot by Sean Bergenheim.
4:44 of 2nd period - Goal by Sean Bergenheim - Lightning : 1 - Red Wings : 4.
4:45 of 2nd period - Tyler Seguin wins face-off versus Robert Nilsson in neutral zone.
4:45 of 2nd period - Ole-Kristian Tollefsen is hit by Kris Versteeg and loses puck.
5:39 of 2nd period - Snap shot by Tyler Seguin.
5:39 of 2nd period - Shot Blocked by Jeff Schultz.
5:41 of 2nd period - Slapshot by Brent Seabrook.
5:41 of 2nd period - Stopped by Jaroslav Halak without a rebound.
5:42 of 2nd period - Robert Nilsson wins face-off versus Mike Richards in Lightning zone.
5:49 of 2nd period - Slapshot by Danny Richmond.
5:49 of 2nd period - Stopped by James Reimer without a rebound.
5:50 of 2nd period - Robert Nilsson wins face-off versus Mike Richards in Red Wings zone.
6:36 of 2nd period - Snap shot by Sheldon Keefe.
6:36 of 2nd period - Shot Blocked by Michael Haley.
6:38 of 2nd period - Wrist shot by Pierre-Luc Létourneau.
6:38 of 2nd period - Shot Misses the Net.
6:40 of 2nd period - Snap shot by Sheldon Keefe.
6:40 of 2nd period - Shot Misses the Net.
6:42 of 2nd period - Snap shot by Sheldon Keefe.
6:42 of 2nd period - Goal by Sheldon Keefe - Lightning : 2 - Red Wings : 4.
6:43 of 2nd period - Mike Richards wins face-off versus Robert Nilsson in neutral zone.
7:08 of 2nd period - Adam Henrique is hit by Daniel Carcillo and loses puck.
7:27 of 2nd period - Minor Penalty to Steve Bernier for Hooking.
7:28 of 2nd period - Robert Nilsson wins face-off versus Mike Richards in Lightning zone.
7:28 of 2nd period - Robert Nilsson is hit by Mike Richards.
8:01 of 2nd period - Wrist shot by Tyler Seguin.
8:01 of 2nd period - Stopped by Jaroslav Halak with a rebound.
8:03 of 2nd period - Wrist shot by Adam Henrique.
8:03 of 2nd period - Shot Misses the Net.
8:05 of 2nd period - Snap shot by Tyler Seguin.
8:05 of 2nd period - Shot Misses the Net.
8:07 of 2nd period - Slapshot by Tyler Toffoli.
8:07 of 2nd period - Stopped by Jaroslav Halak without a rebound.
8:08 of 2nd period - Mike Richards wins face-off versus Jan Bulis in Lightning zone.
8:33 of 2nd period - Snap shot by Tyler Toffoli.
8:33 of 2nd period - Shot Blocked by Danny Richmond.
8:43 of 2nd period - Adam Henrique is hit by Jan Bulis and loses puck.
8:48 of 2nd period - Slapshot by John Carlson.
8:48 of 2nd period - Shot Blocked by Philip Samuelsson.
8:58 of 2nd period - Wrist shot by Sheldon Keefe.
8:58 of 2nd period - Stopped by James Reimer without a rebound.
8:59 of 2nd period - Mike Richards wins face-off versus Gabriel Landeskog in Red Wings zone.
9:27 of 2nd period - Penalty to Steve Bernier is over, Steve Bernier is back on ice.
9:52 of 2nd period - Minor Penalty to Philip Samuelsson for Hooking.
9:53 of 2nd period - Michael Haley wins face-off versus Robert Nilsson in Red Wings zone.
11:28 of 2nd period - Minor Penalty to Henrik Zetterberg for Slashing.
11:29 of 2nd period - Robert Nilsson wins face-off versus Mike Richards in Lightning zone.
11:40 of 2nd period - Snap shot by Robert Nilsson.
11:40 of 2nd period - Shot Blocked by Brent Seabrook.
11:52 of 2nd period - Penalty to Philip Samuelsson is over, Philip Samuelsson is back on ice.
11:54 of 2nd period - Slapshot by Brent Seabrook.
11:54 of 2nd period - Deflect By Mike Richards.
11:54 of 2nd period - Shot Blocked by Jeff Schultz.
11:54 of 2nd period - Puck is out of play.
11:55 of 2nd period - Robert Nilsson wins face-off versus Sean Bergenheim in Lightning zone.
12:42 of 2nd period - Robert Nilsson is hit by Ole-Kristian Tollefsen and loses puck.
13:28 of 2nd period - Penalty to Henrik Zetterberg is over, Henrik Zetterberg is back on ice.
13:43 of 2nd period - Ryan Whitney is hit by Jordan Nolan and loses puck.
14:02 of 2nd period - Snap shot by Jiri Fischer.
14:02 of 2nd period - Shot Misses the Net.
14:04 of 2nd period - Wrist shot by Nate Thompson.
14:04 of 2nd period - Stopped by Jaroslav Halak without a rebound.
14:05 of 2nd period - Mikael Backlund wins face-off versus Nate Thompson in Lightning zone.
14:18 of 2nd period - Slapshot by Jeff Schultz.
14:18 of 2nd period - Shot Blocked by Jiri Fischer.
14:20 of 2nd period - Snap shot by Mikael Backlund.
14:20 of 2nd period - Stopped by James Reimer with a rebound.
14:26 of 2nd period - Minor Penalty to Nate Thompson for Holding.
14:27 of 2nd period - Michael Haley wins face-off versus Robert Nilsson in Red Wings zone.
14:27 of 2nd period - Michael Haley is hit by Robert Nilsson.
15:02 of 2nd period - Justin Schultz is hit by Chris Kelly and loses puck.
16:26 of 2nd period - Penalty to Nate Thompson is over, Nate Thompson is back on ice.
16:34 of 2nd period - Lubomir Visnovsky is hit by Kurt Sauer and loses puck.
16:59 of 2nd period - Wrist shot by Jan Bulis.
16:59 of 2nd period - Stopped by James Reimer with a rebound.
17:01 of 2nd period - Slapshot by Kurt Sauer.
17:01 of 2nd period - Stopped by James Reimer with a rebound.
17:05 of 2nd period - Slapshot by Daniel Carcillo.
17:05 of 2nd period - Stopped by James Reimer with a rebound.
17:51 of 2nd period - Alex Picard is hit by Robert Nilsson and loses puck.
18:02 of 2nd period - John Carlson is hit by Brent Seabrook.
18:06 of 2nd period - Ole-Kristian Tollefsen is hit by Reilly Smith and loses puck.
18:17 of 2nd period - Wrist shot by Brent Seabrook.
18:17 of 2nd period - Shot Misses the Net.
18:47 of 2nd period - Wrist shot by Robert Nilsson.
18:47 of 2nd period - Deflect By Gabriel Landeskog.
18:47 of 2nd period - Shot Blocked by Jiri Fischer.
18:47 of 2nd period - Puck is out of play.
18:48 of 2nd period - Tyler Seguin wins face-off versus Robert Nilsson in Red Wings zone.
18:50 of 2nd period - Minor Penalty to Tyler Seguin for Roughing.
18:51 of 2nd period - Robert Nilsson wins face-off versus Michael Haley in Red Wings zone.
19:46 of 2nd period - Off-side.
19:47 of 2nd period - Jordan Nolan wins face-off versus Chris Kelly in neutral zone.
Goals for this period are 1 for Lightning vs 2 for Red Wings.
Shots for this period are 9 for Lightning vs 7 for Red Wings.
3rd period
0:01 of 3rd period - Henrik Zetterberg wins face-off versus Chris Kelly in neutral zone.
0:08 of 3rd period - Snap shot by Henrik Zetterberg.
0:08 of 3rd period - Stopped by James Reimer with a rebound.
0:10 of 3rd period - Snap shot by Henrik Zetterberg.
0:10 of 3rd period - Shot Misses the Net.
0:12 of 3rd period - Slapshot by John Carlson.
0:12 of 3rd period - Shot Blocked by Lubomir Visnovsky.
0:14 of 3rd period - Snap shot by Robert Nilsson.
0:14 of 3rd period - Stopped by James Reimer without a rebound.
0:15 of 3rd period - Robert Nilsson wins face-off versus Michael Haley in Red Wings zone.
0:22 of 3rd period - Wrist shot by Kris Versteeg.
0:22 of 3rd period - Stopped by James Reimer without a rebound.
0:23 of 3rd period - Robert Nilsson wins face-off versus Michael Haley in Red Wings zone.
0:40 of 3rd period - Wrist shot by Henrik Zetterberg.
0:40 of 3rd period - Shot Misses the Net.
0:50 of 3rd period - Penalty to Tyler Seguin is over, Tyler Seguin is back on ice.
1:04 of 3rd period - Snap shot by Kris Versteeg.
1:04 of 3rd period - Shot Misses the Net.
1:12 of 3rd period - Slapshot by Ole-Kristian Tollefsen.
1:12 of 3rd period - Shot Misses the Net.
1:14 of 3rd period - Slapshot by Michael Haley.
1:14 of 3rd period - Deflect By Henrik Zetterberg.
1:14 of 3rd period - Shot Hit the Post.
1:14 of 3rd period - Puck is out of play.
1:15 of 3rd period - Jan Bulis wins face-off versus Carson Mcmillan in Lightning zone.
1:45 of 3rd period - Slapshot by Phil Kessel.
1:45 of 3rd period - Shot Misses the Net.
2:00 of 3rd period - Off-side.
2:01 of 3rd period - Jordan Nolan wins face-off versus Mike Richards in neutral zone.
3:23 of 3rd period - Wrist shot by Adam Henrique.
3:23 of 3rd period - Shot Misses the Net.
3:25 of 3rd period - Slapshot by Phil Kessel.
3:25 of 3rd period - Shot Blocked by Danny Richmond.
3:27 of 3rd period - Wrist shot by Phil Kessel.
3:27 of 3rd period - Goal by Phil Kessel - Lightning : 2 - Red Wings : 5.
3:28 of 3rd period - Gabriel Landeskog wins face-off versus Mike Richards in neutral zone.
3:55 of 3rd period - Chris Kelly is hit by Henrik Zetterberg and loses puck.
4:35 of 3rd period - Snap shot by Mikael Backlund.
4:35 of 3rd period - Stopped by James Reimer with a rebound.
4:57 of 3rd period - Slapshot by Robert Nilsson.
4:57 of 3rd period - Shot Blocked by Ole-Kristian Tollefsen.
5:03 of 3rd period - Wrist shot by Robert Nilsson.
5:03 of 3rd period - Stopped by James Reimer without a rebound.
5:04 of 3rd period - Tyler Seguin wins face-off versus Robert Nilsson in Red Wings zone.
5:30 of 3rd period - Snap shot by Sean Bergenheim.
5:30 of 3rd period - Shot Misses the Net.
5:55 of 3rd period - Slapshot by Justin Schultz.
5:55 of 3rd period - Shot Blocked by Carson Mcmillan.
6:15 of 3rd period - Snap shot by Robert Nilsson.
6:15 of 3rd period - Stopped by James Reimer with a rebound.
6:37 of 3rd period - Snap shot by Ales Hemsky.
6:37 of 3rd period - Shot Misses the Net.
8:11 of 3rd period - Wrist shot by Mike Richards.
8:11 of 3rd period - Stopped by Jaroslav Halak with a rebound.
8:13 of 3rd period - Wrist shot by Mike Richards.
8:13 of 3rd period - Shot Misses the Net.
8:15 of 3rd period - Slapshot by Mike Richards.
8:15 of 3rd period - Goal by Mike Richards - Lightning : 2 - Red Wings : 6.
8:15 of 3rd period - Adam Munro enters game.
8:16 of 3rd period - Mike Richards wins face-off versus Robert Nilsson in neutral zone.
8:19 of 3rd period - Snap shot by Sean Bergenheim.
8:19 of 3rd period - Shot Misses the Net.
8:31 of 3rd period - Wrist shot by Robert Nilsson.
8:31 of 3rd period - Stopped by James Reimer without a rebound.
8:32 of 3rd period - Tyler Seguin wins face-off versus Jordan Nolan in Red Wings zone.
8:32 of 3rd period - Tyler Seguin is hit by John Carlson.
8:58 of 3rd period - John Carlson is hit by Philip Samuelsson and loses puck.
9:23 of 3rd period - Slapshot by Sheldon Keefe.
9:23 of 3rd period - Deflect By Mikael Backlund.
9:23 of 3rd period - Shot Blocked by Ryan Whitney.
9:23 of 3rd period - Puck is out of play.
9:24 of 3rd period - Mikael Backlund wins face-off versus Chris Kelly in Red Wings zone.
10:37 of 3rd period - Slapshot by Danny Richmond.
10:37 of 3rd period - Stopped by James Reimer with a rebound.
10:39 of 3rd period - Wrist shot by Mikael Backlund.
10:39 of 3rd period - Stopped by James Reimer without a rebound.
10:40 of 3rd period - Mike Richards wins face-off versus Robert Nilsson in Red Wings zone.
10:40 of 3rd period - Ole-Kristian Tollefsen is hit by Kris Versteeg and loses puck.
10:45 of 3rd period - Snap shot by Robert Nilsson.
10:45 of 3rd period - Stopped by James Reimer with a rebound.
10:47 of 3rd period - Wrist shot by Gabriel Landeskog.
10:47 of 3rd period - Stopped by James Reimer with a rebound.
10:49 of 3rd period - Snap shot by Robert Nilsson.
10:49 of 3rd period - Shot Blocked by Sean Bergenheim.
10:51 of 3rd period - Wrist shot by Kris Versteeg.
10:51 of 3rd period - Shot Misses the Net.
10:53 of 3rd period - Snap shot by Kris Versteeg.
10:53 of 3rd period - Stopped by James Reimer with a rebound.
10:55 of 3rd period - Snap shot by Kris Versteeg.
10:55 of 3rd period - Stopped by James Reimer without a rebound.
10:56 of 3rd period - Tyler Seguin wins face-off versus Jordan Nolan in Red Wings zone.
11:02 of 3rd period - Minor Penalty to Jordan Nolan for Tripping.
11:03 of 3rd period - Mike Richards wins face-off versus Robert Nilsson in Lightning zone.
11:52 of 3rd period - Danny Richmond is hit by Sean Bergenheim and loses puck.
12:23 of 3rd period - Snap shot by Jan Bulis.
12:23 of 3rd period - Shot Misses the Net.
12:53 of 3rd period - Tyler Seguin is hit by Daniel Carcillo and loses puck.
13:02 of 3rd period - Penalty to Jordan Nolan is over, Jordan Nolan is back on ice.
13:33 of 3rd period - Andy Rogers is hit by Ales Hemsky and loses puck.
15:16 of 3rd period - Slapshot by Kurt Sauer.
15:16 of 3rd period - Stopped by James Reimer with a rebound.
15:40 of 3rd period - Jiri Fischer is hit by Gabriel Landeskog and loses puck.
15:53 of 3rd period - Steve Bernier is hit by Nate Thompson and loses puck.
16:04 of 3rd period - Jeff Schultz is hit by Ole-Kristian Tollefsen and loses puck.
16:28 of 3rd period - Snap shot by Carson Mcmillan.
16:28 of 3rd period - Shot Blocked by Daniel Carcillo.
16:30 of 3rd period - Slapshot by Philip Samuelsson.
16:30 of 3rd period - Shot Blocked by Andy Rogers.
16:32 of 3rd period - Snap shot by Carson Mcmillan.
16:32 of 3rd period - Deflect By Chris Kelly.
16:32 of 3rd period - Shot Misses the Net.
16:32 of 3rd period - Puck is out of play.
16:33 of 3rd period - Robert Nilsson wins face-off versus Chris Kelly in Lightning zone.
16:38 of 3rd period - Wrist shot by Alex Picard.
16:38 of 3rd period - Stopped by Adam Munro with a rebound.
16:40 of 3rd period - Slapshot by Philip Samuelsson.
16:40 of 3rd period - Deflect By Danny Richmond.
16:40 of 3rd period - Stopped by Adam Munro with a rebound.
16:42 of 3rd period - Slapshot by Ole-Kristian Tollefsen.
16:42 of 3rd period - Stopped by Adam Munro with a rebound.
16:44 of 3rd period - Wrist shot by Chris Kelly.
16:44 of 3rd period - Deflect By Gabriel Landeskog.
16:44 of 3rd period - Stopped by Adam Munro with a rebound.
16:46 of 3rd period - Wrist shot by Carson Mcmillan.
16:46 of 3rd period - Goal by Carson Mcmillan - Lightning : 2 - Red Wings : 7.
16:47 of 3rd period - Robert Nilsson wins face-off versus Mike Richards in neutral zone.
17:52 of 3rd period - Minor Penalty to Daniel Carcillo for Hooking.
17:53 of 3rd period - Mike Richards wins face-off versus Robert Nilsson in Lightning zone.
18:23 of 3rd period - Robert Nilsson is hit by Tyler Seguin and loses puck.
19:08 of 3rd period - Tyler Toffoli is hit by Jordan Nolan and loses puck.
19:40 of 3rd period - Icing by Ryan Whitney.
19:41 of 3rd period - Jordan Nolan wins face-off versus Tyler Seguin in Red Wings zone.
19:52 of 3rd period - Penalty to Daniel Carcillo is over, Daniel Carcillo is back on ice.
Goals for this period are 0 for Lightning vs 3 for Red Wings.
Shots for this period are 14 for Lightning vs 8 for Red Wings.
Back to the Top